 Dungeon Crawl Stone Soup version 0.30.1-11-g7821555f0a (webtiles) character file.

Game seed: 16704712663564786289

18 Peloso the Trooper (level 2, -3/27 HPs)
             Began as a Minotaur Fighter on Dec 17, 2023.
             Slain by a black bear (4 damage)
             ... on level 2 of the Dungeon.
             The game lasted 00:00:28 (319 turns).

Peloso the Trooper (Minotaur Fighter)                Turns: 319, Time: 00:00:29

Health: -3/27      AC:  7    Str: 20    XL:     2   Next: 48%
Magic:  1/1        EV:  9    Int:  5    God:
Gold:   12         SH:  4    Dex:  9    Spells: 1/1 levels left

rFire   . . .        a - +0 long sword
rCold   . . .        c - +0 buckler
rNeg    . . .        b - +0 scale mail
rPois   .            (helmet restricted)
rElec   .            (no cloak)
rCorr   .            (no gloves)
SInv    .            (no boots)
Will    .....        (no amulet) Stlth
                     (no ring)
HPRegen 0.24/turn    (no ring)
MPRegen 0.07/turn

%: no passive effects
@: no status effects
A: horns 2, retaliatory headbutt
a: no special abilities


You were on level 2 of the Dungeon.
You visited 1 branch of the dungeon, and saw 2 of its levels.

You collected 12 gold pieces.

Inventory:

Hand Weapons
 a - a +0 long sword (weapon)
Armour
 b - a +0 scale mail (worn)
 c - a +0 buckler (worn)
Scrolls
 e - a scroll of enchant weapon {unknown}
 f - a scroll of teleportation {unknown}
 h - a scroll of immolation {unknown}
Potions
 d - a potion of might
 g - a potion of curing {unknown}


   Skills:
 + Level 4.2 Fighting
 + Level 2.8 Long Blades
 + Level 3.8 Armour
 + Level 3.7 Shields


You had one spell level left.
You didn't know any spells.
Your spell library was empty.

Dungeon Overview and Level Annotations

Branches:
Dungeon (2/15)

Altars:


Innate Abilities, Weirdness & Mutations

You have a pair of horns on your head.
You reflexively headbutt those who attack you in melee.


Message History

You block the black bear's attack.
You hit the black bear.
You headbutt the black bear, but do no damage.
The black bear is lightly wounded.
The black bear bites you. The black bear closely misses you.
The black bear claws you.
You barely miss the black bear. You headbutt the black bear.
The black bear is moderately wounded.
You block the black bear's attack.
The black bear claws you but does no damage.
The black bear closely misses you. The black bear completely misses you.
The black bear claws you. The black bear barely misses you.
You hit the black bear but do no damage.
The black bear is moderately wounded.
The black bear barely misses you. The black bear claws you.
The black bear claws you but does no damage.
You barely miss the black bear.
The black bear is moderately wounded.
The black bear bites you. The black bear closely misses you.
You block the black bear's attack.
You hit the black bear. Your headbutt misses the black bear.
The black bear is moderately wounded.
The black bear misses you. The black bear closely misses you.
The black bear claws you but does no damage.
You closely miss the black bear.
The black bear is moderately wounded.
The black bear bites you.
* * * LOW HITPOINT WARNING * * *
The black bear claws you but does no damage.
You block the black bear's attack. The black bear bites you.
* * * LOW HITPOINT WARNING * * *
The black bear barely misses you. The black bear closely misses you.
You barely miss the black bear. Your headbutt misses the black bear.
The black bear is moderately wounded.
You block the black bear's attack. x2; The black bear claws you.
* * * LOW HITPOINT WARNING * * *
You barely miss the black bear. Your headbutt misses the black bear.
The black bear is moderately wounded.
The black bear bites you.
You die...

######.....#.#
###............#
.............#.#
#######......#
#<#............#
#.##.#.#.###.#......####
.......#.###.#.#........
#..#.#.#.#...#.#..#.####
#......#.#.###.#@.......
#....#.#†#.# #.#h#..####
###..#.#.#.# #.#.#...#
.........#(# #.#.#....#
...#.......# #.#.# ...#
.....#.##### #.#.# ....#
####.#.# ..#.# .#..
.....#.# #.# ######.#


You could see a black bear.

Vanquished Creatures
  A dart slug (D:1)
  A ball python (D:1)
  An endoplasm (D:2)
  A goblin (D:1)
  3 hobgoblins (D:1)
  3 jackals (D:2)
  A quokka (D:1)
  2 rats (D:1)
13 creatures vanquished.

Notes
Turn   | Place    | Note
-------+----------+-------------------------------------------
     0 | D:1      | Peloso the Minotaur Fighter began the quest for the Orb.
     0 | D:1      | Reached XP level 1. HP: 19/19 MP: 0/0
   124 | D:1      | Reached skill level 4 in Fighting
   133 | D:1      | Reached XP level 2. HP: 27/27 MP: 1/1
   243 | D:1      | You fall into a shaft and drop 1 floor!
   304 | D:2      | Noticed a black bear
   318 | D:2      | HP: 1/27 [black bear (3)]
   319 | D:2      | Slain by a black bear

Illustrated notes

Levels and vault maps discovered:
D:1:      minmay_arrival_stone_box, layout_loops_ring, minivault_23,
          grunt_decor_clamped, supply_closet_lemuel
D:2:      minmay_roachtagon, layout_basic, minmay_misc_feat_x

Skill      XL: |  1 |
---------------+----+-----
Fighting       | 4 |  4.2
Long Blades    | |  2.8
Armour         | |  3.8
Shields        | |  3.7

Action                     || total
---------------------------++-------
  Melee: Long sword        ||    46
         Headbutt          ||     6
 Armour: Scale mail        ||    29
  Dodge: Dodged            ||    32
  Block: Buckler           ||    15
